 Dungeon Crawl Stone Soup version 0.30.1-11-g7821555f0a (webtiles) character file.

Game seed: 8403662437594946817

644 Ekaitz the Gusty (level 7, -1/40 HPs)
             Began as a Tengu Air Elementalist on Dec 23, 2023.
             Slain by a black bear (2 damage)
             ... on level 5 of the Dungeon.
             The game lasted 00:08:18 (5156 turns).

Ekaitz the Gusty (Tengu Air Elementalist)           Turns: 5156, Time: 00:08:20

Health: -1/40      AC:  3    Str:  8    XL:     7   Next: 52%
Magic:  13/22      EV: 16    Int: 24    God:
Gold:   361        SH:  0    Dex: 14    Spells: 3/13 levels left

rFire   . . .        f - +0 dagger (elec)
rCold   . . .        (no shield)
rNeg    . . .        a - +0 robe
rPois   .            (helmet restricted)
rElec   .            r - +0 cloak
rCorr   .            (no gloves)
SInv    .            (boots unavailable)
Will    .....        (no amulet)
Stlth   ++           m - +6 ring of intelligence
HPRegen 0.26/turn    C - ring of magical power
MPRegen 0.18/turn

%: no passive effects
@: flying quickly and evasively, quick
A: beak, talons 3, nimble flight
a: no special abilities


You were on level 5 of the Dungeon.
You visited 1 branch of the dungeon, and saw 5 of its levels.

You collected 361 gold pieces.

Inventory:

Hand Weapons
 f - a +0 dagger of electrocution (weapon)
 i - a +1 whip of pain
Missiles
 o - 6 poisoned darts
 v - 2 silver boomerangs
Armour
 a - a +0 robe (worn)
 k - an orb of mayhem
 r - a +0 cloak (worn)
 D - an orb of energy
Jewellery
 m - a +6 ring of intelligence (left hand)
 C - a ring of magical power (right hand)
Wands
 B - a wand of acid (4)
Scrolls
 c - a scroll of teleportation {unknown}
 l - 2 scrolls of silence {unknown}
 n - 2 scrolls of blinking {unknown}
 p - a scroll of immolation {unknown}
 q - a scroll of brand weapon {unknown}
 w - a scroll of amnesia {unknown}
 x - a scroll of poison {unknown}
 y - a scroll of noise {unknown}
 z - a scroll of vulnerability {unknown}
 A - 3 scrolls of identify {unknown}
Potions
 b - 2 potions of magic
 d - a potion of brilliance {unknown}
 e - a potion of ambrosia {unknown}
 g - 5 potions of curing {unknown}
 h - 3 potions of degeneration {unknown}
 j - a potion of heal wounds {unknown}
 s - 2 potions of mutation {unknown}
 t - 2 potions of resistance {unknown}
 u - a potion of berserk rage {unknown}


   Skills:
 * Level 2.5 Fighting
 + Level 0.3 Short Blades
 * Level 4.0 Dodging
 + Level 2.4 Stealth
 + Level 3.5 Spellcasting
 * Level 5.2 Conjurations
 * Level 6.5 Air Magic


You had 3 spell levels left.
You knew the following spells:

 Your Spells              Type           Power      Damage    Failure   Level
a - Shock                 Conj/Air       100%       1d9       1%          1
b - Static Discharge      Conj/Air       64%        2-5/arc   1%          2
c - Swiftness             Air            35%        N/A       1%          3
d - Airstrike             Air            17%        2d(3-19)  7%          4

Your spell library contained the following spells:

 Spells                   Type           Power      Damage    Failure   Level
 Magic Dart               Conj           100%       1d8       1%          1
 Searing Ray              Conj           58%        2d6       1%          2
 Cigotuvi's Dreadful Rot  Necr/Pois/Air  28%        N/A       6%          2
 Ignite Poison            Fire/Tmut/Pois 4%         N/A       30%         3
 Fulminant Prism          Conj/Hex       8%         3d7       34%         4
 Freezing Cloud           Conj/Ice/Air   11%        6-21      50%         5
 Simulacrum               Ice/Necr       2%         N/A       100%        6
 Ozocubu's Refrigeration  Ice            2%         4d7       100%        7
 Polar Vortex             Ice            2%         N/A       100%        9


Dungeon Overview and Level Annotations

Branches:
Dungeon (5/15)
 Temple: D:4-7

Altars:
Dithmenos
Gozag
Makhleb
Okawaru
Ru
Uskayaw
The Shining One


Innate Abilities, Weirdness & Mutations

You have a beak for a mouth.
You have claws for feet.
Your magical nature lets you fly swiftly and evasively.


Message History

The black bear completely misses you. The black bear closely misses you.
The black bear claws you but does no damage.
Casting: Shock (safe; 1% risk of failure)
Confirm with . or Enter, or press ? or * to list all spells.
The black bear is struck by an arc of lightning.
The black bear is moderately wounded.
You are struck by an arc of lightning.
The lightning grounds out.
The black bear completely misses you. The black bear claws you. x2
Unknown command.
Casting: Static Discharge (safe; 1% risk of failure)
Confirm with . or Enter, or press ? or * to list all spells.
The black bear is struck by an arc of lightning.
The black bear is heavily wounded.
You are struck by an arc of lightning.
The black bear is struck by an arc of lightning.
The black bear is severely wounded.
You are struck by an arc of lightning.
The lightning grounds out.
The black bear misses you. The black bear barely misses you. x2
Casting: Static Discharge (safe; 1% risk of failure)
Confirm with . or Enter, or press ? or * to list all spells.
The black bear is struck by an arc of lightning.
The black bear is severely wounded.
You are struck by an arc of lightning.
The black bear is struck by an arc of lightning.
The black bear is almost dead.
The lightning grounds out.
The black bear goes berserk!
Casting: Static Discharge (safe; 1% risk of failure)
Confirm with . or Enter, or press ? or * to list all spells.
The black bear is struck by an arc of lightning.
The black bear is almost dead.
You are struck by an arc of lightning.
The lightning grounds out.
The black bear bites you. The black bear claws you.
* * * LOW HITPOINT WARNING * * *
The black bear claws you.
* * * LOW HITPOINT WARNING * * *
The black bear bites you!
* * * LOW HITPOINT WARNING * * *
The black bear claws you but does no damage.
The black bear claws you.
You die...

.##..###.###..#.###.#
.# #.........##.# .#
######.......# .#
#....##### .#
########.#....... ..
...........##### ..
#######.##.# .## ..
#.##.##...## ..#
#....@h....#
####.##...## #.#
.#... #.# # # ..# ###


You could see a black bear (berserk).

Vanquished Creatures
  Sigmund (D:5)
  An ogre (D:5)
  3 lemures (D:5)
  2 scorpions
  A howler monkey (D:4)
  An iguana (D:4)
  5 gnolls
  5 adders
  An ufetubus (D:4)
  2 worms
  5 dart slugs
  8 orcs (D:4)
  7 ball pythons
  6 bats
  4 endoplasms
  2 giant cockroaches
  12 goblins
  5 hobgoblins
  8 jackals
  9 quokkas
  6 frilled lizards
  9 kobolds
  3 rats
106 creatures vanquished.

Notes
Turn   | Place    | Note
-------+----------+-------------------------------------------
     0 | D:1      | Ekaitz the Tengu Air Elementalist began the quest for the
                  | Orb.
     0 | D:1      | Reached XP level 1. HP: 10/10 MP: 4/4
   141 | D:1      | Reached XP level 2. HP: 15/15 MP: 4/6
   144 | D:1      | Learned a level 2 spell: Static Discharge
   573 | D:1      | Reached XP level 3. HP: 20/20 MP: 3/7
  1722 | D:2      | Reached XP level 4. HP: 17/24 MP: 1/8
  1794 | D:2      | Reached skill level 5 in Air Magic
  1831 | D:2      | Learned a level 3 spell: Swiftness
  1846 | D:2      | Found a glowing golden altar of the Shining One.
  3095 | D:3      | Found an iron altar of Okawaru.
  3135 | D:3      | Found a shadowy altar of Dithmenos.
  3135 | D:3      | Found a sacrificial altar of Ru.
  3390 | D:4      | Gained mutation: Your magical nature lets you fly swiftly
                  | and evasively. [Tengu growth]
  3390 | D:4      | Reached XP level 5. HP: 28/28 MP: 3/9
  3692 | D:4      | Reached skill level 1 in Fighting
  3818 | D:4      | Reached XP level 6. HP: 31/34 MP: 5/11
  3850 | D:4      | Learned a level 4 spell: Airstrike
  4392 | D:4      | Found a hide-covered altar of Uskayaw.
  4392 | D:4      | Found a burning altar of Makhleb.
  4596 | D:5      | Entered Level 5 of the Dungeon
  4642 | D:5      | Reached skill level 6 in Air Magic
  4742 | D:5      | Noticed Sigmund
  4761 | D:5      | Killed Sigmund
  4762 | D:5      | Reached skill level 5 in Conjurations
  4762 | D:5      | Reached XP level 7. HP: 31/40 MP: 13/13
  4984 | D:5      | Found an opulent altar of Gozag.
  5156 | D:5      | HP: 1/40 [black bear (8)]
  5156 | D:5      | Slain by a black bear

Illustrated notes

Levels and vault maps discovered:
D:1:      dpeg_arrival_fog, layout_loops_corners, st_stairs_8, minmay_3d_cube
D:2:      layout_basic, basic_altar, hangedman_abyss_or_decor_stabs
D:3:      layout_loops_cross, gammafunk_temple_overflow_statue,
          general_overflow_altar
D:4:      layout_cave_pools, gammafunk_temple_overflow_wave,
          minmay_fractal_squares_5
D:5:      layout_loops_ring, nicolae_gozag_cash_rules_everything_around_me,
          nicolae_overflow_crystal_walls, uniq_sigmund, uniq_pikel

Skill      XL: |  1  2  3  4  5  6  7 |
---------------+----------------------+-----
Conjurations   | 2 3 5 |  5.2
Air Magic      | 5 6 |  6.5
Dodging        | 3 4 |  4.0
Fighting       | 1 2 |  2.5
Spellcasting   | 3 |  3.5
Short Blades   | |  0.3
Stealth        | |  2.4

Action                     |  1- 3 |  4- 6 |  7- 9 || total
---------------------------+-------+-------+-------++-------
  Melee: Dagger            |     5 |    24 |    34 ||    63
         Kick              |     4 |     6 |     9 ||    19
         Peck              |       |     2 |     7 ||     9
   Cast: Shock             |    82 |   125 |     2 ||   209
         Static Discharge  |     2 |     5 |     5 ||    12
   Stab: Sleeping          |       |     2 |     1 ||     3
 Armour: Robe              |     2 |     5 |     4 ||    11
  Dodge: Dodged            |     5 |    29 |    26 ||    60
